 Dungeon Crawl Stone Soup version 0.30.1-4-g462c640d31 (webtiles) character file.

Game seed: 13428176519868950964

328613 Peloso the Hoplite (level 20, -2/200 HPs)
             Began as a Minotaur Fighter on Aug 13, 2023.
             Was the Champion of Okawaru.
             Slain by a war gargoyle
             ... wielding a +0 morningstar
              (35 damage)
             ... on level 1 of the Vaults on Aug 14, 2023.
             The game lasted 02:17:55 (44685 turns).

Peloso the Hoplite (Minotaur Fighter)              Turns: 44685, Time: 02:17:56

Health: -2/200     AC: 32    Str: 25    XL:     20   Next: 81%
Magic:  20/20      EV: 12    Int:  9    God:    Okawaru [******]
Gold:   3912       SH: 25    Dex: 18    Spells: 19/19 levels left

rFire   + + +        a - +12 double sword of World's End {protect, Int+4 SInv}
rCold   + + +        d - +2 shield of Resistance {rF++ rC++ Will++}
rNeg    . . .        C - +8 plate armour "Xantem" {Drain rElec rF+}
rPois   +            l - +2 hat
rElec   +            U - scarf of Beruc {shadows, rF+}
rCorr   .            x - +2 pair of gloves of Niabaul {Slay+2}
SInv    +            h - +3 pair of boots of the Original Sin {Regen+}
Will    +++..        T - amulet of Buygitut {Reflect Regen+ Str-2 Dex+3 SH+5} Stlth
                     y - ring of flight
HPRegen 2.13/turn    Q - ring "Uxas" {+Blink rPois rC+ Str+2}
MPRegen 0.17/turn

%: reflection
@: corroded, under a protective aura, flying, studying 2 skills
A: horns 2, retaliatory headbutt
}: 2/15 runes: barnacled, gossamer
a: Renounce Religion, Evoke Blink, Heroism, Finesse, Duel


You were on level 1 of the Vaults.
You worshipped Okawaru.
Okawaru was exalted by your worship.
You visited 7 branches of the dungeon, and saw 34 of its levels.
You also visited: Sewer, Ice Cave, Volcano and Desolation.

You collected 4589 gold pieces.
You spent 677 gold pieces at shops.

Inventory:

Hand Weapons
 a - the +12 double sword of World's End (weapon) {protect, Int+4 SInv}
   (You bought it in a shop on level 2 of the Orcish Mines)

   Int:       It affects your intelligence (+4).
   SInv:      It lets you see invisible.
 b - the +10 falchion of Busuo {flame, rElec rF- rN+}
   (Okawaru gifted it to you on level 3 of the Lair of Beasts)

   rF:        It makes you vulnerable to fire.
   rElec:     It insulates you from electricity.
   rN:        It protects you from negative energy.
 c - a +0 double sword of holy wrath
Missiles
 f - 6 throwing nets (quivered)
Armour
 d - the +2 shield of Resistance (worn) {rF++ rC++ Will++}
   (You found it on level 10 of the Dungeon)

   rF:        It greatly protects you from fire.
   rC:        It greatly protects you from cold.
   Will:      It greatly increases your willpower.
 h - the +3 pair of boots of the Original Sin (worn) {Regen+}
   (Okawaru gifted it to you on level 2 of the Lair of Beasts)

   Regen:     It increases your rate of health regeneration.
 l - a +2 hat (worn)
 x - the +2 pair of gloves of Niabaul (worn) {Slay+2}
   (You found it on level 3 of the Elven Halls)

   Slay:      It affects your accuracy & damage with ranged weapons and melee
   (+2).
 C - the +8 plate armour "Xantem" (worn) {Drain rElec rF+}
   (You found it on level 14 of the Dungeon)

   rF:        It protects you from fire.
   rElec:     It insulates you from electricity.
   Drain:     It drains your maximum health when unequipped.
 F - the +4 chain mail of Trial and Error {rF++ Will+ Slay+3}
   (Okawaru gifted it to you on level 2 of the Spider Nest)

   Slay:      It affects your accuracy & damage with ranged weapons and melee
   (+3).
   rF:        It greatly protects you from fire.
   Will:      It increases your willpower.
 U - the scarf of Beruc (worn) {shadows, rF+}
   (Okawaru gifted it to you on level 12 of the Dungeon)

   rF:        It protects you from fire.
Jewellery
 o - a ring of positive energy
 w - the ring "Wolunlauk" {Will+ rCorr Dex+4}
   (You took it off a deep elf pyromancer on level 3 of the Elven Halls)

   [ring of resist corrosion]

   Dex:       It affects your dexterity (+4).
   rCorr:     It protects you from acid and corrosion.
   Will:      It increases your willpower.
 y - a ring of flight (left hand)
 L - a +6 ring of strength
 Q - the ring "Uxas" (right hand) {+Blink rPois rC+ Str+2}
   (You took it off an imperial myrmidon in the Desolation of Salt)

   [ring of poison resistance]

   Str:       It affects your strength (+2).
   rC:        It protects you from cold.
   rPois:     It protects you from poison.
   +Blink:    It lets you blink.
 S - a ring of ice
 T - the amulet of Buygitut (around neck) {Reflect Regen+ Str-2 Dex+3 SH+5}
   (You found it in the Desolation of Salt)

   [amulet of reflection]

   It reflects blocked missile attacks.
   Str:       It affects your strength (-2).
   Dex:       It affects your dexterity (+3).
   Regen:     It increases your rate of health regeneration.
   SH:        It affects your SH (+5).
 W - a ring of fire
 X - an amulet of the acrobat
Wands
 e - a wand of polymorph (1)
 u - a wand of digging (19)
 z - a wand of light (14)
 H - a wand of roots (4)
Scrolls
 g - 9 scrolls of teleportation
 p - 6 scrolls of blinking
 s - a scroll of fog
 t - a scroll of brand weapon
 v - 5 scrolls of poison
 D - 13 scrolls of identify
 E - a scroll of amnesia
 I - 7 scrolls of fear
 P - 7 scrolls of immolation
 R - a scroll of enchant weapon
 V - a scroll of butterflies {unknown}
Potions
 i - 16 potions of curing
 j - 8 potions of attraction
 k - 13 potions of might
 m - 3 potions of magic
 n - 9 potions of lignification
 q - a potion of cancellation
 r - 3 potions of resistance
 A - 2 potions of invisibility
 B - 2 potions of berserk rage
 J - 4 potions of ambrosia
 K - 4 potions of mutation
 M - a potion of brilliance
 N - a potion of experience
 O - 5 potions of haste
 Y - 9 potions of heal wounds
Miscellaneous
 G - a lightning rod (4/4)


   Skills:
 + Level 22.2 Fighting
 + Level 22.0 Long Blades
 + Level 5.0 Staves
 + Level 18.7 Armour
 + Level 7.7 Dodging
 + Level 3.0 Stealth
 + Level 25.7 Shields
 + Level 2.2 Invocations
 + Level 0.1 Evocations


You had 19 spell levels left.
You didn't know any spells.
Your spell library contained the following spells:

 Spells                   Type           Power      Damage    Failure   Level
 Apportation              Tloc           0%         N/A       94%         1
 Beastly Appendage        Tmut           0%         N/A       94%         1
 Foxfire                  Conj/Fire      0%         2x1d4     94%         1
 Magic Dart               Conj           0%         1d3       94%         1
 Necrotise                Necr           0%         1d4       94%         1
 Sandblast                Erth           0%         2d4       94%         1
 Shock                    Conj/Air       0%         1d3       94%         1
 Sting                    Tmut/Pois      0%         1d3       94%         1
 Ensorcelled Hibernation  Hex/Ice        0%         N/A       98%         2
 Passwall                 Tmut/Erth      0%         N/A       98%         2
 Poisonous Vapours        Pois/Air       0%         N/A       98%         2
 Scorch                   Fire           0%         2d5       98%         2
 Searing Ray              Conj           0%         2d4       98%         2
 Static Discharge         Conj/Air       0%         2-2/arc   98%         2
 Wereblood                Tmut           0%         N/A       98%         2
 Dazzling Flash           Conj/Hex       0%         N/A       100%        3
 Hailstorm                Conj/Ice       0%         3d3       100%        3
 Ignite Poison            Fire/Tmut/Pois 0%         N/A       100%        3
 Mephitic Cloud           Conj/Pois/Air  0%         N/A       100%        3
 Ozocubu's Armour         Ice            0%         N/A       100%        3
 Spider Form              Tmut/Pois      0%         N/A       100%        3
 Stone Arrow              Conj/Erth      0%         3d7       100%        3
 Swiftness                Air            0%         N/A       100%        3
 Vhi's Electric Charge    Tloc/Air       0%         N/A       100%        3
 Volatile Blastmotes      Fire/Tloc      0%         2d10      100%        3
 Airstrike                Air            0%         2d(0-16)  100%        4
 Anguish                  Hex/Necr       0%         N/A       100%        4
 Fulminant Prism          Conj/Hex       0%         3d5       100%        4
 Ice Form                 Ice/Tmut       0%         N/A       100%        4
 Iskenderun's Mystic Bla  Conj/Tloc      0%         2d3       100%        4
 Leda's Liquefaction      Hex/Erth       0%         N/A       100%        4
 Olgreb's Toxic Radiance  Pois           0%         N/A       100%        4
 Passage of Golubria      Tloc           0%         N/A       100%        4
 Petrify                  Tmut/Erth      0%         N/A       100%        4
 Sticky Flame             Conj/Fire      0%         2d3       100%        4
 Agony                    Necr           0%         N/A       100%        5
 Alistair's Intoxication  Tmut/Pois      0%         N/A       100%        5
 Arcjolt                  Conj/Air       0%         1d10      100%        5
 Blade Hands              Tmut           0%         N/A       100%        5
 Fireball                 Conj/Fire      0%         3d3       100%        5
 Lee's Rapid Deconstruct  Erth           0%         3d4*      100%        5
 Silence                  Hex/Air        0%         N/A       100%        5
 Conjure Ball Lightning   Conj/Air       0%         3x3d6     100%        6
 Eringya's Noxious Bog    Tmut/Pois      0%         N/A       100%        6
 Iron Shot                Conj/Erth      0%         9d1       100%        6
 Plasma Beam              Fire/Air       0%         2x1d11    100%        6
 Starburst                Conj/Fire      0%         6d3       100%        6
 Statue Form              Tmut/Erth      0%         N/A       100%        6
 Orb of Destruction       Conj           0%         9d5       100%        7
 Ozocubu's Refrigeration  Ice            0%         4d7       100%        7
 Storm Form               Tmut/Air       0%         N/A       100%        7
 Borgnjor's Revivificati  Necr           0%         N/A       100%        8
 Discord                  Hex            0%         N/A       100%        8
 Disjunction              Tloc           0%         N/A       100%        8
 Ignition                 Fire           0%         3d3       100%        8
 Lehudib's Crystal Spear  Conj/Erth      0%         10d2      100%        8
 Maxwell's Capacitive Co  Air            0%         āˆž       100%        8
 Necromutation            Tmut/Necr      0%         N/A       100%        8
 Death's Door             Necr           0%         N/A       100%        9
 Fire Storm               Conj/Fire      0%         5d1       100%        9
 Summon Small Mammal      Summ           Unusable   N/A       N/A         1
 Call Imp                 Summ           Unusable   N/A       N/A         2
 Animate Armour           Summ/Erth      Unusable   N/A       N/A         4
 Summon Lightning Spire   Summ/Air       Unusable   N/A       N/A         4
 Summon Forest            Summ/Tloc      Unusable   N/A       N/A         5
 Simulacrum               Ice/Necr       Unusable   N/A       N/A         6
 Summon Hydra             Summ           Unusable   N/A       N/A         7
 Infestation              Necr           Unusable   N/A       N/A         8

Dungeon Overview and Level Annotations

Branches:
Dungeon (15/15)            Temple (0/1) D:6            Lair (5/5) D:10
 Shoals (4/4) Lair:2       Spider (4/4) Lair:2        Slime (0/5) Lair:5
    Orc (2/2) D:9             Elf (3/3) Orc:2        Vaults (1/5) D:14
 Depths (0/4) D:15          Sewer (visited)           IceCv (visited)
Volcano (visited)         Desolation (visited)

Altars:
Ashenzari
Dithmenos
Nemelex Xobeh
Okawaru
Trog
Uskayaw
Xom
Yredelemnul
Zin
The Shining One

Shops:
D:5 [   D:9 =   D:13 !   Orc:1 [   Orc:2 (*(*=   Shoals:2 *

Portals:
Pandemonium: Orc:2

Annotations:
Lair:5 Casa
Elf:2 3 runed translucent doors


Innate Abilities, Weirdness & Mutations

You have a pair of horns on your head.
You reflexively headbutt those who attack you in melee.


Message History

The entropy weaver is severely wounded.
You block the war gargoyle's attack.
You block the dire elephant's attack. x2
The freezing wraith hits you but does no damage.
The freezing wraith closely misses you.
You barely miss the entropy weaver.
You headbutt the entropy weaver, but do no damage.
The entropy weaver is severely wounded.
You block the entropy weaver's attack. The entropy weaver hits you!
The entropy weaver hits you but does no damage.
You block the entropy weaver's attack.
The war gargoyle hits you but does no damage.
The entropy weaver casts a spell at you.
The entropic weave corrodes you!
You hit the entropy weaver.
The entropy weaver is severely wounded.
You block the entropy weaver's attack. x2; The entropy weaver hits you!
The entropy weaver hits you.
* * * LOW HITPOINT WARNING * * *
You block the freezing wraith's attack. x2; The dire elephant tramples you.
* * * LOW HITPOINT WARNING * * *
You hold your ground!
The dire elephant trunk-slaps you but does no damage.
The war gargoyle hits you with a +0 morningstar!
* * * LOW HITPOINT WARNING * * *
You closely miss the entropy weaver.
You headbutt the entropy weaver, but do no damage.
The entropy weaver is severely wounded.
The entropy weaver points at you and mumbles some strange words.
The entropic weave corrodes you! You block the war gargoyle's attack.
You block the freezing wraith's attack.
The freezing wraith hits you but does no damage.
The dire elephant closely misses you. You furiously retaliate!
You headbutt the dire elephant, but do no damage.
The dire elephant trunk-slaps you but does no damage.
You closely miss the entropy weaver.
The entropy weaver is severely wounded.
You block the entropy weaver's attack. x3; The entropy weaver hits you!
* * * LOW HITPOINT WARNING * * *
The war gargoyle hits you with a +0 morningstar!!
You die...

#......### #......#..
#......#.. #++ ####
#......'.. #.. #..#
#......#.. #
..##..###......'.. #.
#cc##)c+......#..
#.B##Yc##cā€
#......#..
#W@##))###......#..
#9B##.c# ########..
..##p.##.. ####.. #..
#c. ..# ##..'.. ##
..##. ### ##..[###
#.. .. #....# ## ##
##...# #########
##..#
#.......########'####


You could see a dire elephant, a yaktaur captain, 2 entropy weavers, a centaur
warrior, a war gargoyle (strong), an ironbound convoker, 2 yaktaurs and a
freezing wraith.

Vanquished Creatures
  A bone dragon (Elf:1)
  Jorgrun (Shoals:2)
  2 deep elf blademasters (Elf:3)
  2 deep elf master archers (Elf:3)
  3 krakens
  A storm dragon (D:15)
  Ilsuiw (Shoals:2)
  Roxanne (Shoals:3)
  A frost giant (Shoals:4)
  8 emperor scorpions
  3 deep elf sorcerers (Elf:3)
  5 ghost moths
  3 vault wardens (Vaults:1)
  An iron dragon (Elf:1)
  The ghost of Fytoqad the Geomancer, a journeyman FoEE of Gozag (Lair:3)
  2 imperial myrmidons (Desolation)
  6 deep elf elementalists (Elf:3)
  An ironbound thunderhulk (Vaults:1)
  3 ironbound preservers (Vaults:1)
  A reaper (IceCv)
  4 broodmothers
  9 deep elf annihilators
  The ghost of raetorn the Fencer, a journeyman BaFi of Gozag (Lair:2)
  The ghost of Hojimuek the Cleaver, a journeyman DsBe of Trog (Lair:3)
  2 dire elephants
  A minotaur (Lair:2)
  6 deep elf demonologists (Elf:3)
  3 halazid warlocks (Desolation)
  5 spark wasps
  The ghost of Wyoq the Protected, a journeyman AtFi of Nemelex Xobeh (Lair:3)
  6 deep elf death magi (Elf:3)
  3 fire dragons
  10 merfolk impalers
  2 yaktaur captains (Vaults:1)
  2 ettins
  6 merfolk javelineers
  3 ragged hierophants (Desolation)
  A crystal guardian (Desolation)
  A great orb of eyes (Vaults:1)
  4 deep elf high priests
  Fannar (D:10)
  2 ice dragons (D:10)
  An entropy weaver (Spider:4)
  6 peacekeepers (Desolation)
  7 servants of whispers (Desolation)
  3 vault guards (Vaults:1)
  A rakshasa (D:15)
  A catoblepas (Lair:1)
  3 ghost crabs (Elf:1)
  6 hydras
  9 centaur warriors
  3 ironbound frosthearts (Vaults:1)
  A jorogumo (Spider:3)
  An alligator snapping turtle (Shoals:4)
  6 boulder beetles
  3 radroaches
  5 merfolk aquamancers
  2 demonspawn (Orc:2)
  8 two-headed ogres
  A merfolk avatar (Shoals:4)
  16 dancing weapons
  A satyr (Shoals:1)
  9 death yaks
  A deep troll earth mage (D:12)
  5 orc high priests (Orc:2)
  2 tengu warriors
  14 deep elf knights
  A titan skeleton (Elf:1)
  A vampire mage (D:15)
  A fire crab (Elf:1)
  A sun moth (Spider:3)
  5 pharaoh ants
  A sixfirhy (Orc:2)
  7 skysharks
  9 skeletal warriors
  A death drake (Elf:1)
  16 sea snakes
  10 deep trolls (Vaults:1)
  8 deep elf archers
  11 orb spiders
  A steelbarb worm (shapeshifter) (Elf:3)
  6 lindwurms
  6 ironbound convokers
  2 anaconda skeletons (Volcano)
  A necromancer (D:15)
  5 steelbarb worms
  3 oklob plants
  A mana viper (Elf:1)
  11 harpies
  5 orc knights
  10 orc sorcerers
  A stone giant zombie (D:15)
  26 deep elf pyromancers
  8 ugly things
  28 deep elf zephyrmancers
  7 cyclopes
  A tengu skeleton (D:15)
  15 fauns
  A fire giant zombie (D:15)
  20 wolf spiders
  20 manticores
  13 slime creatures
  13 elephants
  11 merfolk sirens
  2 moths of wrath
  2 iron dragon skeletons
  2 ice statues (IceCv)
  3 guardian serpents (Desolation)
  A vault sentinel (Vaults:1)
  7 water nymphs
  7 black mambas
  5 demonic crawlers
  A rust devil (Orc:2)
  2 molten gargoyles (Elf:1)
  6 torpor snails
  4 gargoyles
  10 komodo dragons
  8 rime drakes
  14 cane toads
  2 efreet (D:14)
  A kobold demonologist (D:10)
  6 ice devils (IceCv)
  5 yaktaurs (Vaults:1)
  A freezing wraith (D:15)
  A yaktaur (shapeshifter) (Elf:1)
  A tengu conjurer (D:14)
  2 queen bees
  7 meliai
  7 trolls
  A hellwing (Orc:2)
  5 polar bears
  A tengu simulacrum (Elf:1)
  44 merfolk
  31 tarantellas
  3 wind drakes
  13 snapping turtles
  44 saltlings (Desolation)
  3 hornets
  7 dream sheep
  20 blink frogs
  18 jumping spiders
  An iron dragon simulacrum (Elf:1)
  3 flying skulls (Volcano)
  A vampire (D:11)
  An alligator skeleton (Volcano)
  2 wraiths
  16 water elementals
  An air elemental (Elf:3)
  23 culicivoras
  A spriggan (Lair:4)
  2 shadows
  A culicivora (shapeshifter) (Elf:3)
  73 yaks
  3 fire elementals (Elf:1)
  8 wyverns
  A ynoxinul (Orc:2)
  Grum (D:8)
  A dire elephant simulacrum (IceCv)
  15 basilisks
  42 redbacks
  11 vampire mosquitoes
  3 death yak simulacra (IceCv)
  A hog (Elf:1)
  2 wargs (Orc:2)
  Edmund (D:4)
  2 acid dragons
  17 water moccasins
  The ghost of GohGoh the Conjurer, an amateur DECj of Hepliaklqana (D:4)
  A glowing shapeshifter skeleton (Elf:1)
  14 black bears
  3 ice beasts
  44 orc warriors
  6 ogres
  8 wolves
  A boggart (D:15)
  11 centaurs
  2 phantoms
  19 bullfrogs
  A two-headed ogre simulacrum (IceCv)
  4 earth elementals
  A cane toad simulacrum (IceCv)
  6 scorpions
  71 killer bees
  2 elephant simulacra (IceCv)
  3 howler monkeys (D:11)
  A troll skeleton (Volcano)
  A vampire bat (Elf:1)
  A lava snake (Elf:1)
  37 orc priests
  3 gnoll boudas
  Crazy Yiuf (D:6)
  3 hounds (D:5)
  2 jellies
  A sleepcap (D:7)
  5 hell rats (Lair:3)
  4 iguanas (D:5)
  3 small abominations (Elf:1)
  17 orc wizards
  4 troll simulacra (IceCv)
  3 spriggan simulacra
  2 wolf simulacra (IceCv)
  A naga skeleton (Volcano)
  15 adders
  29 gnolls
  2 naga simulacra (IceCv)
  2 river rats (D:5)
  3 white imps
  2 ufetubi (IceCv)
  3 worms
  A dart slug (D:3)
  77 orcs
  4 bats
  5 endoplasms
  12 giant cockroaches
  10 goblins
  8 hobgoblins
  6 jackals
  6 quokkas
  14 ball pythons
  12 frilled lizards
  12 kobolds
  5 rats
1568 creatures vanquished.

Vanquished Creatures (others)
  The ghost of Kubamp the Thaumaturge, a journeyman DEAE of Sif Muna (Lair:3)
  2 merfolk aquamancers
  4 deep elf knights
  A manticore (Shoals:4)
  2 deep elf pyromancers
  A merfolk (Shoals:2)
  A tarantella (Spider:2)
  A jumping spider (Spider:3)
  An orc priest (Orc:2)
  An orc wizard (Orc:1)
  3 orcs (Orc:1)
  12 tentacles
30 creatures vanquished.

Grand Total: 1598 creatures vanquished

Notes
Turn   | Place    | Note
-------+----------+-------------------------------------------
     0 | D:1      | Peloso the Minotaur Fighter began the quest for the Orb.
     0 | D:1      | Reached XP level 1. HP: 19/19 MP: 0/0
   136 | D:1      | Reached XP level 2. HP: 27/27 MP: 1/1
   300 | D:1      | Found a faded altar of an unknown god.
   309 | D:1      | Got Plato's Elucidation of Soot
   545 | D:1      | Reached XP level 3. HP: 33/33 MP: 2/2
  1029 | D:2      | Reached skill level 4 in Shields
  1217 | D:2      | Reached skill level 1 in Dodging
  1217 | D:2      | Reached XP level 4. HP: 41/41 MP: 3/3
  1680 | D:3      | Reached XP level 5. HP: 45/47 MP: 4/4
  2176 | D:3      | Found a glowing golden altar of the Shining One.
  2342 | D:4      | Reached skill level 5 in Long Blades
  2401 | D:4      | Reached XP level 6. HP: 49/53 MP: 5/5
  2465 | D:4      | Noticed GohGoh's ghost (amateur DECj)
  2571 | D:5      | Entered Level 5 of the Dungeon
  2581 | D:5      | Reached skill level 5 in Armour
  2588 | D:5      | Found an iron altar of Okawaru.
  2618 | D:5      | Became a worshipper of Warmaster Okawaru
  2697 | D:5      | Reached skill level 5 in Fighting
  2698 | D:5      | Reached XP level 7. HP: 44/61 MP: 6/6
  2749 | D:5      | Found a glowing drain.
  2787 | Sewer    | Entered a sewer
  3129 | Sewer    | Reached * piety under Okawaru
  3142 | Sewer    | Reached skill level 5 in Shields
  3433 | D:5      | Found Daded's Antique Armour Emporium.
  3526 | D:5      | Reached XP level 8. HP: 57/70 MP: 7/7
  3688 | D:5      | Reached skill level 6 in Shields
  3711 | D:5      | Reached ** piety under Okawaru
  4058 | D:5      | Found a sparkling altar of Nemelex Xobeh.
  4346 | D:6      | Found a shadowy altar of Dithmenos.
  4591 | D:6      | Reached XP level 9. HP: 73/78 MP: 8/8
  4629 | D:6      | Found a shimmering altar of Xom.
  4643 | D:6      | Identified the ring "Orphuh" {rC+ MP+9 Str+2}
  4657 | D:6      | Found a runed translucent door.
  4658 | D:6      | Noticed Crazy Yiuf
  4665 | D:6      | Killed Crazy Yiuf
  4846 | D:6      | Found a staircase to the Ecumenical Temple.
  5298 | D:7      | Reached *** piety under Okawaru
  5375 | D:7      | Found a basalt altar of Yredelemnul.
  5398 | D:7      | Identified the amulet of the Tempest {RegenMP Str+4}
  5656 | D:8      | Reached skill level 10 in Long Blades
  5693 | D:7      | Reached skill level 7 in Shields
  5975 | D:8      | Noticed Grum
  6004 | D:8      | Killed Grum
  6576 | D:8      | Found a hide-covered altar of Uskayaw.
  7249 | D:8      | Reached XP level 10. HP: 87/88 MP: 9/9
  7258 | D:8      | Reached **** piety under Okawaru
  7453 | D:9      | Found Ukhlacry's Jewellery Shop.
  7490 | D:9      | Found a bloodstained altar of Trog.
  7502 | D:9      | Reached skill level 8 in Shields
  7587 | D:9      | Reached skill level 1 in Stealth
  7725 | D:9      | Reached ***** piety under Okawaru
  8034 | D:9      | Found a staircase to the Orcish Mines.
  8279 | D:10     | Entered Level 10 of the Dungeon
  8288 | D:10     | Reached skill level 9 in Shields
  8331 | D:10     | Found a broken altar of Ashenzari.
  8427 | D:10     | Noticed a fire dragon
  8430 | D:10     | Noticed a fire dragon
  8430 | D:10     | Noticed an ice dragon
  8431 | D:10     | Found a runed translucent door.
  8431 | D:10     | Found a runed translucent door.
  8431 | D:10     | Noticed an ice dragon
  8431 | D:10     | Found the +2 shield of Resistance {rF++ rC++ Will++}
  8520 | D:10     | Noticed a rust devil
  8671 | D:10     | Reached XP level 11. HP: 97/97 MP: 10/10
  8746 | D:10     | Found a staircase to the Lair.
  8784 | D:10     | Noticed Fannar
  8814 | D:10     | Killed Fannar
  8815 | D:10     | Reached skill level 10 in Armour
  9478 | D:10     | Reached skill level 10 in Fighting
 10007 | D:4      | Found a transporter.
 10007 | D:4      | Found a transporter.
 10280 | D:4      | Noticed Edmund
 10292 | D:4      | Killed Edmund
 10536 | D:11     | Received a gift from Okawaru
 10536 | D:11     | Found the +3 hat of Pondering {ponderous, Will+ MP+10
                  | Int+5}
 11654 | Lair:1   | Entered Level 1 of the Lair of Beasts
 11662 | Lair:1   | Found the +7 lajatang of Order {silver, rMut}
 11757 | Lair:1   | Reached skill level 1 in Staves
 11769 | Lair:1   | Reached skill level 10 in Shields
 11935 | Lair:1   | Noticed a death yak
 11935 | Lair:1   | Noticed a death yak
 11940 | Lair:1   | Noticed a death yak
 11940 | Lair:1   | Noticed a death yak
 11948 | Lair:1   | Killed a death yak
 11949 | Lair:1   | Reached XP level 12. HP: 86/110 MP: 11/11
 11957 | Lair:1   | Noticed a death yak
 11960 | Lair:1   | Noticed a death yak
 11972 | Lair:1   | Killed a death yak
 11986 | Lair:1   | Killed a death yak
 12235 | Lair:1   | Killed a death yak
 12235 | Lair:1   | Received a gift from Okawaru
 12531 | Lair:1   | Noticed a catoblepas
 12553 | Lair:1   | Killed a catoblepas
 12554 | Lair:1   | Reached skill level 1 in Invocations
 12604 | Lair:1   | Got Dispater's Lectures on Planar Conjuring
 12730 | Lair:1   | Killed a death yak
 12741 | Lair:1   | Killed a death yak
 12742 | Lair:1   | Reached skill level 5 in Staves
 13044 | Lair:2   | Found a hole to the Spider Nest.
 13270 | Lair:2   | Found a runed translucent gate.
 13270 | Lair:2   | Found a runed translucent gate.
 13270 | Lair:2   | Found a runed translucent gate.
 13277 | Lair:2   | Noticed a minotaur
 13280 | Lair:2   | Noticed raetorn's ghost (journeyman BaFi)
 13563 | Lair:2   | Found a staircase to the Shoals.
 13628 | Lair:2   | Reached skill level 15 in Long Blades
 13748 | Lair:2   | Identified the +3 sling of Modesty {flame, Will++}
 14522 | Lair:3   | Identified the +10 falchion of Busuo {flame, rElec rF- rN+}
                  | (Okawaru gifted it to you on level 3 of the Lair of Beasts)
 14522 | Lair:3   | Received a gift from Okawaru
 14872 | D:11     | Reached XP level 13. HP: 119/119 MP: 13/13
 15311 | D:12     | Reached skill level 11 in Shields
 15629 | D:12     | Identified the scarf of Beruc {shadows, rF+} (Okawaru
                  | gifted it to you on level 12 of the Dungeon)
 15629 | D:12     | Received a gift from Okawaru
 15756 | D:12     | Noticed an ettin
 15781 | D:12     | Killed an ettin
 16681 | Lair:3   | Found a runed translucent gate.
 16688 | Lair:3   | Found a runed translucent gate.
 16689 | Lair:3   | Found a runed translucent gate.
 16689 | Lair:3   | Noticed Hojimuek's ghost (journeyman DsBe)
 16697 | Lair:3   | Noticed Wyoq's ghost (journeyman AtFi)
 16697 | Lair:3   | Noticed Fytoqad's ghost (journeyman FoEE)
 16698 | Lair:3   | Noticed Kubamp's ghost (journeyman DEAE)
 16739 | Lair:3   | Reached skill level 12 in Shields
 17175 | Lair:3   | Identified the +5 glaive of Pasuvaotaul {heavy, +Blink
                  | Str+5 SInv}
 17348 | Lair:3   | Reached ****** piety under Okawaru
 17661 | Lair:4   | Received a gift from Okawaru
 17692 | Lair:4   | Reached skill level 13 in Shields
 17711 | Lair:4   | Reached XP level 14. HP: 37/130 MP: 14/14
 18590 | Lair:4   | Received a gift from Okawaru
 18612 | Lair:4   | Reached skill level 14 in Shields
 19575 | Lair:5   | Entered Level 5 of the Lair of Beasts
 19628 | Lair:5   | Reached skill level 15 in Armour
 19639 | Lair:5   | Identified the -2 pair of boots of Lucidity {rElec Will++
                  | rCorr Int-5} (Okawaru gifted it to you on level 5 of the
                  | Lair of Beasts)
 19639 | Lair:5   | Received a gift from Okawaru
 19679 | Lair:5   | Found a dark tunnel.
 19685 | Volcano  | Entered a volcano
 20483 | Lair:5   | Reached skill level 15 in Fighting
 20666 | Lair:5   | Found a staircase to the Slime Pits.
 20790 | Lair:5   | Reached skill level 15 in Shields
 21715 | Lair:5   | Reached XP level 15. HP: 83/141 MP: 15/15
 21884 | Lair:5   | Reached skill level 5 in Dodging
 22057 | Lair:5   | Identified the +7 short sword "Coqiuj" {speed, Dex+2}
 22622 | D:4      | Killed GohGoh's ghost
 23094 | Lair:2   | Killed raetorn's ghost
 23094 | Lair:2   | Identified the +3 pair of boots of the Original Sin
                  | {Regen+} (Okawaru gifted it to you on level 2 of the Lair
                  | of Beasts)
 23094 | Lair:2   | Received a gift from Okawaru
 23226 | Lair:2   | Found a glowing silver altar of Zin.
 23364 | Lair:3   | Killed Hojimuek's ghost
 23385 | Lair:3   | Killed Kubamp's ghost
 23397 | Lair:3   | Killed Fytoqad's ghost
 23398 | Lair:3   | Reached skill level 16 in Shields
 23423 | Lair:3   | Killed Wyoq's ghost
 23962 | Orc:1    | Entered Level 1 of the Orcish Mines
 24121 | Orc:1    | Found Gilemeo's Antique Armour Boutique.
 24844 | Orc:2    | Entered Level 2 of the Orcish Mines
 24946 | Orc:2    | Found Ekiboq's Antique Weapon Emporium.
 25053 | Orc:2    | Found a frozen archway.
 25080 | IceCv    | Entered an ice cave
 25111 | IceCv    | Received a gift from Okawaru
 25356 | IceCv    | Reached skill level 17 in Shields
 25585 | Orc:2    | Found a staircase to the Elven Halls.
 25618 | Orc:2    | Found Voats's General Store.
 25620 | Orc:2    | Found Meits's General Store.
 25790 | Orc:2    | Bought a scroll of enchant weapon for 97 gold pieces
 25960 | Orc:2    | Reached XP level 16. HP: 125/152 MP: 16/16
 25965 | Orc:2    | Received a gift from Okawaru
 25965 | Orc:2    | Found the +3 pair of seven-league boots {Rampage+āˆž}
 25983 | Orc:2    | Found Koed's Antique Weapon Shop.
 25983 | Orc:2    | Found Kestrig's Jewellery Boutique.
 25983 | Orc:2    | Found a one-way gate leading to the halls of Pandemonium.
 26006 | Orc:2    | Bought an ivory double sword for 580 gold pieces
 26006 | Orc:2    | Identified the +12 double sword of World's End {protect,
                  | Int+4 SInv} (You bought it in a shop on level 2 of the
                  | Orcish Mines)
 26610 | D:13     | Found Caluucit's Distillery.
 27642 | D:14     | Found a gate to the Vaults.
 27661 | D:14     | Identified the +8 plate armour "Xantem" {Drain rElec rF+}
 27736 | D:14     | Reached skill level 18 in Shields
 28107 | D:15     | Entered Level 15 of the Dungeon
 28221 | D:15     | Identified the ring of the Mashing Gods {rElec rC+}
 28394 | D:15     | Noticed a storm dragon
 28407 | D:15     | Killed a storm dragon
 28727 | D:15     | Identified the +3 pair of boots "Daumam" {rPois rF- rC+}
                  | (Okawaru gifted it to you on level 15 of the Dungeon)
 28727 | D:15     | Received a gift from Okawaru
 28742 | D:15     | Found a staircase to the Depths.
 29368 | Elf:1    | Entered Level 1 of the Elven Halls
 29543 | Elf:1    | Got the Quarto of the Hornet
 29788 | Elf:1    | Got Ekitooz's Spellbook of Changing
 30011 | Elf:1    | You are sucked into a shaft and drop 1 floor!
 30024 | Elf:2    | Found a runed translucent gate.
 30038 | Elf:2    | Found a runed translucent gate.
 30038 | Elf:2    | Found a runed translucent gate.
 30046 | Elf:2    | Reached XP level 17. HP: 163/163 MP: 17/17
 30062 | Elf:2    | Found a crumbling gateway.
 30066 | Elf:2    | Reached skill level 19 in Shields
 30127 | Desolati | Entered the Desolation of Salt
 30325 | Desolati | Identified the +4 falchion of Valiance {heavy, Dex+4}
                  | (Okawaru gifted it to you in the Desolation of Salt)
 30325 | Desolati | Received a gift from Okawaru
 30543 | Desolati | Identified the amulet "Dosmeydgh" {+Blink Regen+}
 30545 | Desolati | Identified the ring "Uxas" {+Blink rPois rC+ Str+2}
 30605 | Desolati | Identified the +2 scale mail of the Gastropod {rElec}
 30727 | Desolati | Identified the +10 whip of Memaf {protect, Fly}
 30732 | Desolati | Identified the staff of air "Tuah" {rElec Will+ Str+3
                  | Int-2}
 30832 | Desolati | Reached skill level 20 in Shields
 30898 | Desolati | Received a gift from Okawaru
 30907 | Desolati | Got Diteleasch's Octavo of Torrid Congelation
 30912 | Desolati | Identified the ring "Keyheqef" {Ice Dex+7 SInv}
 30915 | Desolati | Identified the amulet of Buygitut {Reflect Regen+ Str-2
                  | Dex+3 SH+5}
 30925 | Desolati | Identified the +5 morningstar of Integrity {venom, rCorr
                  | Dex+3}
 31106 | Desolati | Identified the +2 pair of boots of the Glowing Gods {Dex+3}
 31310 | Elf:1    | Noticed a bone dragon
 31334 | Elf:1    | Killed a bone dragon
 31388 | Elf:1    | Got the Meditations on Corpses
 31695 | Elf:1    | Identified the +2 ring mail "Rafomoca" {Fly rCorr Dex+4}
 32405 | Elf:1    | Got the Codex of Soot
 33105 | Elf:2    | Noticed a deep elf blademaster
 33149 | Elf:3    | Entered Level 3 of the Elven Halls
 33192 | Elf:3    | Reached XP level 18. HP: 156/174 MP: 18/18
 33473 | Elf:3    | Paralysed by an air elemental for 1 turns
 33490 | Elf:3    | Identified the +9 scimitar of False Accusations {spect,
                  | *Corrode Drain Str+5} (Okawaru gifted it to you on level 3
                  | of the Elven Halls)
 33490 | Elf:3    | Received a gift from Okawaru
 33767 | Elf:3    | Reached skill level 21 in Shields
 33922 | Elf:3    | Identified the staff of fire "Ficwaorr" {rF+ Str+2 Dex+4}
 34246 | Elf:3    | Noticed a Brimstone Fiend
 34336 | Elf:3    | Identified the amulet "Biazesuek" {Acrobat *Corrode Regen+
                  | Str+6 Dex-3}
 34367 | Elf:3    | Identified the +2 scimitar of Valour {freeze, Dex+4}
                  | (Okawaru gifted it to you on level 3 of the Elven Halls)
 34367 | Elf:3    | Received a gift from Okawaru
 34562 | Elf:3    | Identified the +1 robe of Indomitability {Int+2 Stlth+}
 34794 | Elf:3    | Identified the ring "Wolunlauk" {Will+ rCorr Dex+4}
 34816 | Elf:3    | Identified the +0 pair of gloves of Arcadian Beauty {Int+3
                  | SInv} (Okawaru gifted it to you on level 3 of the Elven
                  | Halls)
 34816 | Elf:3    | Received a gift from Okawaru
 34986 | Elf:3    | Identified the amulet "Joor" {Reflect Fragile Int+3 SH+5}
 35083 | Elf:3    | Identified the +2 pair of gloves of Niabaul {Slay+2}
 35751 | Spider:1 | Entered Level 1 of the Spider Nest
 36035 | Spider:1 | Identified the +3 halberd of Wonen {freeze, rF+}
 36180 | Spider:1 | Reached skill level 22 in Shields
 37437 | Spider:3 | Reached XP level 19. HP: 166/187 MP: 19/19
 37509 | Spider:2 | Identified the +4 chain mail of Trial and Error {rF++ Will+
                  | Slay+3} (Okawaru gifted it to you on level 2 of the Spider
                  | Nest)
 37509 | Spider:2 | Received a gift from Okawaru
 38253 | Spider:4 | Entered Level 4 of the Spider Nest
 38353 | Spider:4 | Reached skill level 23 in Shields
 39347 | Spider:4 | Identified the scarf of the Twelve Tales {harm, Fly Str-3
                  | Slay+6}
 39354 | Spider:4 | Got a gossamer rune of Zot
 39792 | Shoals:1 | Entered Level 1 of the Shoals
 40335 | Shoals:1 | Reached skill level 24 in Shields
 40935 | Shoals:2 | Noticed Ilsuiw
 40985 | Shoals:2 | Killed Ilsuiw
 41002 | Shoals:2 | Received a gift from Okawaru
 41142 | Shoals:2 | Found Vuijusod's General Store.
 41175 | Shoals:2 | Noticed Jorgrun
 41205 | Shoals:2 | Killed Jorgrun
 41206 | Shoals:2 | Reached XP level 20. HP: 167/198 MP: 20/20
 42234 | Shoals:3 | Identified Roxanne's Anthology of Scree
 42234 | Shoals:3 | Noticed Roxanne
 42249 | Shoals:3 | Killed Roxanne
 42749 | Shoals:4 | Entered Level 4 of the Shoals
 42843 | Shoals:4 | Identified the +1 spear of Usekkyfito {protect, SInv}
                  | (Okawaru gifted it to you on level 4 of the Shoals)
 42843 | Shoals:4 | Received a gift from Okawaru
 43035 | Shoals:4 | Reached skill level 25 in Shields
 43084 | Shoals:4 | Got a barnacled rune of Zot
 43406 | Shoals:4 | Identified the +2 robe "Couppor" {-Tele Int+5}
 44268 | Vaults:1 | Entered Level 1 of the Vaults
 44295 | Vaults:1 | Identified the +0 plate armour "Imaosaqy" {rC- rCorr
                  | Stlth+} (Okawaru gifted it to you on level 1 of the Vaults)
 44295 | Vaults:1 | Received a gift from Okawaru
 44447 | Vaults:1 | Identified the +8 mace "Ultimatum" {drain, SInv}
 44685 | Vaults:1 | Slain by a war gargoyle

Illustrated notes

Levels and vault maps discovered:
D:1:      dpeg_arrival_stone_temple_mockup, layout_loops_cross,
          shapermc_ecumenical_altar_rom_forum, lemuel_flame_loot_1
D:2:      layout_loops_ring
D:3:      layout_loops_cross, tso_altar
D:4:      minmay_skewed_foursquare, layout_rooms, gammafunk_ghost_gnarly_gnolls,
          uniq_edmund
D:5:      layout_rooms, minitemple, serial_shops, shop, portal_sewer_entry_c,
          serial_bayou_pond_d, minmay_fractal_squares_diagonal_5
D:6:      layout_basic, grunt_dithmenos_smoke, mainiacjoe_overflow_brackets,
          minmay_temple_entry_hall, uniq_crazy_yiuf_cottage
D:7:      layout_rooms, general_overflow_altar, chequers_serial_rivers_small_3
D:8:      layout_basic, eat_drink_and_be_merry_uskayaw, uniq_grum
D:9:      layout_long_grid, lemuel_doored_altar, david_orc_2, serial_shops,
          nicolae_shop_back_alley_shop
D:10:     layout_long_grid, nicolae_ashenzari_panopticon,
          minmay_lair_entry_grove, special_room [special_room_bee],
          minmay_guarded_unrand_resistance, uniq_fannar
D:11:     layout_roguey
D:12:     minmay_containers, layout_cave_pools, special_room [special_room_orc],
          ebering_dispersal_statue_hall
D:13:     layout_basic, serial_shops, nicolae_lakefront_shop
D:14:     layout_grid_maze, erik_vaults_1
D:15:     gammafunk_depths_entry_grave, layout_loops_corners, minmay_three_doors
Lair:1:   layout_roguey, beast_lair_carwin_7, grunt_megastairs_2,
          serial_bayou_shore_a
Lair:2:   layout_loops_ring, minmay_shoals_entry_lonely_mermaid,
          hellmonk_spider_entry_not_the_bees, maelrawn_ghost_gauntlet_escape,
          lemuel_oklob_altar
Lair:3:   layout_hall_layers, gammafunk_ghost_cemetery,
          chequers_serial_rivers_micro_a, grunt_megastairs_3
Lair:4:   regret_index_harrowing_hell_hive, layout_cave_pods,
          grunt_forest_stairs_clearing, serial_bayou_shore_b
Lair:5:   hangedman_lair_in_review, layout_gridlike, dpeg_slime_entry_enclosed,
          nicolae_volcano_entry_s_turn, pond
Shoals:1: layout_shoals, st_sunken_temple
Shoals:2: layout_shoals, serial_shops, shop, nicolae_shoals_wave_tunnel,
          uniq_jorgrun, uniq_ilsuiw
Shoals:3: layout_shoals, uniq_roxanne
Shoals:4: shoals_end_grunt_ice, layout_shoals
Spider:1: layout_spider_delve
Spider:2: layout_spider_delve
Spider:3: cheibrodos_forgotten_conduit
Spider:4: grunt_spider_rune_parallel, nicolae_spider_scorpion_nest
Orc:1:    layout_caves, serial_shops, shop_statue,
          hellmonk_guarded_unrand_dark_maul
Orc:2:    pf_orc_diabolical, layout_diamond_mine, serial_shops,
          nicolae_shop_crystal, portal_ice_cave_rime
Elf:1:    eino_elf_arrival_sip, layout_geoelf_diagonals,
          serial_hangedman_research, hangedman_research_metamorphosis,
          hangedman_research_toxicology, hangedman_research_thanatology,
          hangedman_research_pyrotechnics, hangedman_research_geology,
          kennysheep_underground_church
Elf:2:    nicolae_elf_blades_crystal_corner, layout_geoelf_octagon,
          portal_desolation_entry_nicolae_slug
Elf:3:    elf_hall, layout_loops_corners
Vaults:1: nicolae_vaults_heart-shaped_vault, nicolae_vaults_closet_pinwheel_2,
          nicolae_vaults_security_offices_1,
          nicolae_vaults_offset_grid_hallway_4, nicolae_vaults_house_1,
          v_misc_3, vaults_mumra_minichess, nicolae_vaults_apartment_1,
          v_misc_27, nicolae_vaults_storage_closets_2, nicolae_vaults_cochlea,
          layout_vaults_maze_bifur

Skill      XL: |  1  2  3  4  5  6  7  8  9 10 11 12 13 14 15 16 17 18 19 20 |
---------------+-------------------------------------------------------------+-----
Fighting       | 4 5 6 7 9 11 12 13 15 16 18 19 20 21 22 | 22.2
Armour         | 4 5 6 8 9 11 13 14 15 16 17 18 | 18.7
Long Blades    | 3 4 5 6 7 9 11 13 14 15 16 17 18 19 20 21 22 | 22.0
Shields        | 4 5 6 7 9 10 13 15 17 18 20 22 24 25 | 25.7
Dodging        | 1 2 3 4 6 7 |  7.7
Stealth        | 1 2 3 |  3.0
Staves         | 2 5 |  5.0
Invocations    | 1 2 |  2.2
Evocations     | |  0.1

Action                     |  1- 3 |  4- 6 |  7- 9 | 10-12 | 13-15 | 16-18 | 19-21 || total
---------------------------+-------+-------+-------+-------+-------+-------+-------++-------
  Melee: Long sword        |    85 |   123 |   511 |   928 |       |       |       ||  1647
         Headbutt          |    10 |    22 |   102 |   254 |   501 |   416 |   379 ||  1684
         Lajatang          |       |       |       |    39 |       |       |       ||    39
         Punch             |       |       |       |     3 |       |       |       ||     3
         Falchion          |       |       |       |     2 |  1851 |    23 |       ||  1876
         Double sword      |       |       |       |       |       |  1476 |  1221 ||  2697
 Invoke: Heroism           |       |       |     3 |     9 |    13 |     1 |       ||    26
  Evoke: Wand              |       |       |       |       |       |     4 |       ||     4
    Use: Scroll            |       |     3 |     3 |     9 |     7 |    10 |     1 ||    33
         Potion            |       |     2 |     1 |       |     2 |     1 |       ||     6
   Stab: Distracted        |       |       |       |       |     1 |       |       ||     1
 Armour: Scale mail        |    65 |    51 |       |       |       |       |       ||   116
         Chain mail        |       |    27 |   184 |       |   198 |       |       ||   409
         Plate armour      |       |       |   148 |   531 |   485 |   710 |   722 ||  2596
  Dodge: Dodged            |    54 |    55 |   226 |   376 |   418 |   391 |   484 ||  2004
  Block: Buckler           |    27 |    31 |   165 |   213 |    52 |       |       ||   488
         Kite shield       |       |       |       |       |  1054 |  1450 |  1947 ||  4451
         Reflection        |       |       |       |       |     6 |    29 |    75 ||   110
